AoeStats
← QuetzalWarrior

Migration

507652353Analyzed
1v1 RM · 11d ago on Sep 19, 2026· 36m 43s· 2 players
Game mode
Random Map
Map size
132×132
Population
200
Speed
Normal
Resources
Standard
Victory
Conquest
Starting age
Dark Age
Ending age
Imperial Age
RankedLock teamsTeams togetherTeam positionsShared explorationLock speedFull tech treeHidden civsTurbo modeCheats
Victory
Defeat
🇨🇴 Persians · Colombia
1512
+17
🇲🇽 Spanish · Mexico
1529
-17
_Heandres_
9:48 Feudal Age
10:14 Double-Bit Axe
18:10 Castle Age
18:50 Loom
18:51 Town Watch
19:13 Gold Mining
19:43 Fletching
20:37 Medium Warships
23:27 Fishing Lines
25:38 Bodkin Arrow
26:00 Gillnets
32:25 Imperial Age
34:49 Ballistics
QuetzalWarrior
12:21 Feudal Age
14:20 Double-Bit Axe
19:42 Castle Age
17:45 Fletching
21:02 Loom
23:30 Wheelbarrow
22:41 Town Watch
Connection lost

Rejoining the realm…

Still unreachable

The connection could not be restored.

Session expired

The server has moved on; the page needs a fresh start.